 Dungeon Crawl Stone Soup version 0.30-a0-6-g7c9e10e132 (webtiles) character file.

Game seed: 13615478790704740826

223 Setbun the Magician (level 6, -6/40 HPs)
             Began as a Djinni Hedge Wizard on Aug 22, 2022.
             Mangled by Duvessa
             ... wielding a +0 short sword
              (13 damage)
             ... on level 4 of the Dungeon.
             The game lasted 00:06:59 (4738 turns).

Setbun the Magician (Djinni Hedge Wizard)           Turns: 4738, Time: 00:07:00

Health: -6/40      AC:  2    Str:  9    XL:     6   Next: 20%
Gold:   243        EV: 12    Int: 18    God:
                   SH:  0    Dex: 12

rFire   + + .      SeeInvis .    a - +0 dagger
rCold   x . .      Faith    .    (no shield)
rNeg    . . .      Spirit   .    b - +0 robe
rPois   ∞          Reflect  .    c - +0 hat
rElec   .          Harm     .    (no cloak)
rCorr   .          Rampage  .    (no gloves)
Will    .....                    (boots unavailable)
Stlth   ++........               (no amulet)
HPRegen 0.13/turn                (no ring)
MPRegen 0.00/turn                (no ring)

@: flying, very slightly contaminated
A: sickness immunity, fire resistance 2, cold vulnerability 1, float, innate
caster, HP casting, extra vitality 1
a: no special abilities


You were on level 4 of the Dungeon.
You visited 1 branch of the dungeon, and saw 5 of its levels.

You collected 243 gold pieces.

Inventory:

Hand Weapons
 a - a +0 dagger (weapon)
Armour
 b - a +0 robe (worn)
 c - a +0 hat (worn)
Scrolls
 d - 4 scrolls of magic mapping {unknown}
 e - 4 scrolls of identify {unknown}
 f - 3 scrolls of teleportation {unknown}
 h - 2 scrolls of butterflies {unknown}
 j - a scroll of enchant weapon {unknown}
 k - a scroll of poison {unknown}
 m - a scroll of enchant armour {unknown}
 o - a scroll of amnesia {unknown}
 t - a scroll of noise {unknown}
 u - 2 scrolls of fear {unknown}
Potions
 g - 2 potions of degeneration {unknown}
 i - a potion of flight {unknown}
 l - 2 potions of curing {unknown}
 n - a potion of lignification {unknown}
 p - a potion of mutation {unknown}
 q - a potion of magic {unknown}
 r - a potion of invisibility {unknown}
 s - a potion of heal wounds {unknown}


   Skills:
 + Level 2.9 Dodging
 + Level 2.6 Stealth
 + Level 4.4 Spellcasting


You couldn't memorise any spells.
You knew the following spells:

 Your Spells              Type           Power      Damage    Failure   Level
a - Magic Dart            Conj           76%        1d6       2%          1
b - Blink                 Tloc           38%        N/A       3%          2
c - Call Imp              Summ           19%        N/A       3%          2
d - Slow                  Hex            76%        N/A       2%          1
e - Conjure Flame         Conj/Fire      19%        6-21      7%          3
f - Mephitic Cloud        Conj/Pois/Air  19%        N/A       7%          3
g - Beastly Appendage     Tmut           38%        N/A       2%          1
h - Scorch                Fire           38%        2d7       3%          2
Your spell library was empty.

Dungeon Overview and Level Annotations

Branches:
Dungeon (5/15)
 Temple: D:4-7

Altars:
Makhleb

Annotations:
D:4 Dowan, Duvessa


Innate Abilities, Weirdness & Mutations

You are immune to sickness and miasma.
You are immune to poison.
Your flesh is very heat resistant. (rF++)
You are vulnerable to cold. (rC-)
You float through the air rather than walking.
You learn spells naturally, not from books.
Your magical power is your life essence.
You have superior vitality. (+4 MHP)


Message History

Nothing appears to happen.
Unknown command.
You miscast Blink.
Nothing appears to happen.
Dowan gestures wildly while chanting.
Dowan blinks!
Casting: Scorch (safe; 3% risk of failure)
Press: ? - help, Q - select action, (/) - cycle Dir - look around, f - activate Flames lash Duvessa.
Duvessa is lightly wounded.
Duvessa's fire resistance burns away.
Duvessa closely misses you. Duvessa barely misses you.
Dowan gestures wildly while chanting.
Dowan blinks!
You fly downwards.
There is a stone staircase leading up here.
You fly upwards.
Level annotation: Dowan, Duvessa Duvessa hits you with a +0 short sword!
There is a stone staircase leading down here.
Casting: Scorch (safe; 3% risk of failure)
Press: ? - help, Q - select action, (/) - cycle Dir - look around, f - activate Flames lash Duvessa.
Duvessa is burned terribly!
Duvessa is heavily wounded.
Duvessa hits you with a +0 short sword.
Casting: Scorch (safe; 3% risk of failure)
Press: ? - help, Q - select action, (/) - cycle Dir - look around, f - activate Flames lash Dowan.
Dowan is moderately wounded.
Dowan's fire resistance burns away.
Duvessa closely misses you.
Casting: Scorch (safe; 3% risk of failure)
Press: ? - help, Q - select action, (/) - cycle Dir - look around, f - activate Flames lash Duvessa.
Duvessa is burned terribly!
Duvessa is severely wounded.
Duvessa says, "When magic and the sword combine, nothing stands against them."
Duvessa hits you with a +0 short sword!
* * * LOW HITPOINT WARNING * * *
Duvessa hits you with a +0 short sword!
You die...

##..........##.....
##.........##
##....
##..........# ....
###..###......# ...
###...## #####.##
##...###### #.#
#.........### #.#
#...........###.#
#..)........@.#.#
#.......÷..e.e..#
#...............#
#...............#
#...............#
#............^..#
#..............##
#..............#
............#


You could see Duvessa (combustible) and Dowan (combustible).

Vanquished Creatures
  A hound (D:4)
  A jelly (D:4)
  2 iguanas (D:4)
  2 adders (D:2)
  2 worms (D:2)
  A dart slug (D:3)
  11 ball pythons
  9 endoplasms
  5 giant cockroaches
  8 goblins
  8 hobgoblins
  2 jackals (D:1)
  9 kobolds
  4 quokkas
  7 bats
  6 frilled lizards
  3 rats
81 creatures vanquished.

Notes
Turn   | Place    | Note
-------+----------+-------------------------------------------
     0 | D:1      | Setbun the Djinni Hedge Wizard began the quest for the Orb.
     0 | D:1      | Setbun set off with the following spells memorised: Magic
                  | Dart, Blink, Call Imp, Slow, Conjure Flame, Mephitic Cloud.
     0 | D:1      | Reached XP level 1. HP: 15/15 MP: 0/0
   350 | D:1      | Reached XP level 2. HP: 14/21 MP: 0/0
   624 | D:1      | Found a faded altar of an unknown god.
   997 | D:1      | Reached XP level 3. HP: 14/25 MP: 0/0
   997 | D:1      | Learned a level 1 spell: Beastly Appendage
  1136 | D:1      | Reached skill level 3 in Spellcasting
  1982 | D:2      | Reached XP level 4. HP: 21/31 MP: 0/0
  2390 | D:2      | You are sucked into a shaft and drop 1 floor!
  2635 | D:3      | Found a burning altar of Makhleb.
  3651 | D:2      | Reached XP level 5. HP: 32/35 MP: 0/0
  3651 | D:2      | Learned a level 2 spell: Scorch
  3749 | D:4      | Noticed Duvessa
  3749 | D:4      | Noticed Dowan
  3954 | D:4      | Reached skill level 4 in Spellcasting
  3982 | D:4      | Reached XP level 6. HP: 25/40 MP: 0/0
  4442 | D:5      | Entered Level 5 of the Dungeon
  4738 | D:4      | Mangled by Duvessa

Illustrated notes

Levels and vault maps discovered:
D:1:      dpeg_arrival_refuge, layout_basic, basic_ecumenical_altar
D:2:      layout_basic
D:3:      layout_basic, mainiacjoe_overflow_surrounded_room,
          minmay_misc_feat_hallway, amcnicky_mini_rare_corridor_liquid,
          kennysheep_cluttered_room, minmay_misc_feat_five,
          chequers_serial_rivers_small_b
D:4:      layout_cave_pods, skrybe_limestone_x, uniq_duvessa
D:5:      layout_loops_corners, nicolae_overflow_quartered_altars,
          trog_ov_bears_minmay, minmay_temple_entry_arrows, serial_glass,
          glass_columns_a, glass_columns_a, glass_columns_c, glass_columns_b,
          glass_columns_c, glass_columns_a, minmay_misc_feat_pillars,
          nicolae_shop_firing_range

Skill      XL: |  1  2  3  4  5 |
---------------+----------------+-----
Spellcasting   | 3 4 |  4.4
Stealth        | 2 |  2.6
Dodging        | |  2.9

Action                   |  1- 3 |  4- 6 || total
-------------------------+-------+-------++-------
 Cast: Magic Dart        |    91 |    79 ||   170
       Scorch            |       |    28 ||    28
       Blink             |       |     2 ||     2
       Conjure Flame     |       |     1 ||     1
Armor: Robe              |     2 |     1 ||     3
Dodge: Dodged            |    17 |    10 ||    27

Table legend: (Time is in decaauts)
 A = Elapsed time spent in this place.
 B = Non-inter-level travel time spent in this place.
 C = Inter-level travel time spent in this place.
 D = Time resting spent in this place.
 E = Time spent auto-exploring this place.
 F = Levels seen in this place.
 G = Mean time per level.
                   A        B        C        D        E       F      G
               +--------+--------+--------+--------+--------+-----+--------+
         Total |   4739 |   4548 |    191 |    623 |   3539 |   5 |  947.8 |
       Dungeon |   4739 |   4548 |    191 |    623 |   3539 |   5 |  947.8 |
               +--------+--------+--------+--------+--------+-----+--------+

Top non-repeatable levels by time:
     D:1: 1748 daAuts
     D:2: 1135 daAuts
     D:3: 899 daAuts
     D:4: 668 daAuts
     D:5: 287 daAuts
